 Dungeon Crawl Stone Soup version 0.28-a0-1206-g193881aaa2 (webtiles) character file.

Game seed: 8931391708917039092

3 ytrimaz the Insei (level 1, 0/13 HPs)
             Began as an Octopode Transmuter on Dec 20, 2021.
             Killed from afar by a dart slug (4 damage)
             ... with a slug dart
             ... on level 1 of the Dungeon.
             The game lasted 00:00:15 (88 turns).

ytrimaz the Insei (Octopode Transmuter)               Turns: 88, Time: 00:00:17

Health: 0/13       AC:  1    Str:  9    XL:     1   Next: 50%
Magic:  2/3        EV: 13    Int: 15    God:
Gold:   13         SH:  0    Dex: 12    Spells: 3/4 levels left

rFire   . . .      SeeInvis .     - Unarmed
rCold   . . .      Faith    .   (no shield)
rNeg    . . .      Spirit   .   (helmet currently unavailable)
rPois   .          Reflect  .   (no amulet)
rElec   .          Harm     .   (no ring)
rCorr   .          Rampage  .   (no ring)
Will    .....                   (no ring)
Stlth   ++........              (no ring)
HPRegen 0.04/turn               (no ring)
MPRegen 0.08/turn               (no ring)
                                (no ring)
                                (no ring)

@: appendages
A: tentacle spike 3, almost no armour, amphibious, 8 rings, camouflage 1,
gelatinous body 1, (nimble swimmer 1), tentacles
a: End Transformation


You were on level 1 of the Dungeon.
One of your tentacles had grown a beastly spike.
You visited 1 branch of the dungeon, and saw 1 of its levels.

You collected 13 gold pieces.

You aren't carrying anything.


   Skills:
 * Level 1.0 Fighting
 * Level 2.0 Dodging
 + Level 3.0 Unarmed Combat
 * Level 2.0 Spellcasting
 * Level 2.0 Transmutations


You had 3 spell levels left.
You knew the following spells:

 Your Spells              Type           Power      Damage    Failure   Level
a - Beastly Appendage     Tmut           14%        N/A       10%         1

Your spell library contained the following spells:

 Spells                   Type           Power      Damage    Failure   Level
 Wereblood                Tmut           7%         N/A       14%         2
 Spider Form              Tmut/Pois      4%         N/A       41%         3
 Ice Form                 Ice/Tmut       4%         N/A       82%         4


Dungeon Overview and Level Annotations

Branches:
Dungeon (1/15)

Altars:


Innate Abilities, Weirdness & Mutations

One of your tentacles has grown a beastly spike.
You cannot wear most types of armour.
You are amphibious.
You can wear up to eight rings at the same time.
Your skin changes colour to match your surroundings (Stealth+).
Your rubbery body absorbs attacks. (AC +1, EV +1)
((You are camouflaged near water. (Stealth+)))
You have tentacles for arms and can constrict up to eight enemies at once.


Message History

You tentacle-slap the bat. You grab the bat.
You pierce the bat.
You squeeze the bat.
You kill the bat!
You see here a bat corpse.
Your tentacle spike disappears.
The kobold shouts!
One of your tentacles grows a vicious spike.
The kobold barely misses you.
You tentacle-slap the kobold. Your grab misses the kobold.
Your tentacle-slap misses the kobold.
You squeeze the kobold.
You kill the kobold!
You see here a +0 whip.
Your transformation is almost over.
Your tentacle spike disappears.
An endoplasm and a dart slug come into view.
There are monsters nearby!
There are monsters nearby!
One of your tentacles grows a vicious spike.
A rat comes into view.
The dart slug launches a dart at you. The slug dart hits you.
The dart slug closely misses you.
You tentacle-slap the dart slug but do no damage.
You grab the dart slug.
You pierce the dart slug.
You squeeze the dart slug, but do no damage.
The dart slug is lightly wounded.
You constrict the dart slug, but do no damage.
The endoplasm quivers.
You tentacle-slap the dart slug but do no damage.
The dart slug is lightly wounded.
You constrict the dart slug, but do no damage.
The dart slug bites you.
You tentacle-slap the endoplasm.
You pierce the endoplasm, but do no damage.
You squeeze the endoplasm.
The endoplasm is severely wounded.
You constrict the dart slug. The endoplasm hits you.
The dart slug launches a dart at you. The slug dart hits you.
You die...

#.†.......)#
#....####<....
#######...####..###
###... ##..†..##.# #..
#...#....### #...
##.###.....####... .
#.# ##...........
####.####...........
##....?.###....##....
#.....@...##........#
#.....J.w..####....###
#....r.....# #####
#..........#
#..........#
#..........#
##........##
..........


You could see a dart slug, an endoplasm and a rat.

Vanquished Creatures
  2 kobolds (D:1)
  A bat (D:1)
  A rat (D:1)
4 creatures vanquished.

Notes
Turn   | Place    | Note
-------+----------+-------------------------------------------
     0 | D:1      | ytrimaz the Octopode Transmuter began the quest for the
                  | Orb.
     0 | D:1      | Reached XP level 1. HP: 13/13 MP: 3/3
    88 | D:1      | Killed from afar by a dart slug

Illustrated notes

Levels and vault maps discovered:
D:1:      minmay_arrival_loop, layout_rooms, serial_shops, shop,
          dk_noncrumbling_2

Action                   || total
-------------------------++-------
Melee: Unarmed           ||     9
       Tentacles         ||     4
       Constrict         ||     3
       Kick              ||     3
 Cast: Beastly Appendage ||     4
 Stab: Sleeping          ||     2
Dodge: Dodged            ||     4

Table legend: (Time is in decaauts)
 A = Elapsed time spent in this place.
 B = Non-inter-level travel time spent in this place.
 C = Inter-level travel time spent in this place.
 D = Time resting spent in this place.
 E = Time spent auto-exploring this place.
 F = Levels seen in this place.
 G = Mean time per level.
                   A        B        C        D        E       F      G
               +--------+--------+--------+--------+--------+-----+--------+
         Total |     87 |     87 |      0 |      0 |     47 |   1 |   87.0 |
       Dungeon |     87 |     87 |      0 |      0 |     47 |   1 |   87.0 |
               +--------+--------+--------+--------+--------+-----+--------+

Top non-repeatable levels by time:
     D:1: 87 daAuts
